 Dungeon Crawl Stone Soup version 0.28-a0-1227-ga9037bb4c8 (webtiles) character file.

Game seed: 589378343014616634

70 rogsnak the Gusty (level 4, -1/30 HPs)
             Began as a Demonspawn Air Elementalist on Dec 22, 2021.
             Slain by Grinder (3 damage)
             ... on level 3 of the Dungeon.
             The game lasted 00:04:04 (2499 turns).

rogsnak the Gusty (Demonspawn Air Elementalist)     Turns: 2499, Time: 00:04:05

Health: -1/30      AC:  4    Str:  9    XL:     4   Next: 3%
Magic:  2/7        EV: 12    Int: 26    God:
Gold:   74         SH:  0    Dex: 13    Spells: 6/7 levels left

rFire   . . .      SeeInvis .   b - +0 short sword
rCold   + . .      Faith    .   (no shield)
rNeg    . . .      Spirit   .   a - +0 robe
rPois   .          Reflect  .   (helmet restricted)
rElec   .          Harm     .   r - +0 cloak
rCorr   .          Rampage  .   (no gloves)
Will    .....                   p - +0 pair of boots
Stlth   ++........              (no amulet)
HPRegen 0.10/turn               e - ring of protection from cold
MPRegen 0.10/turn               n - +6 ring of intelligence

@: no status effects
A: horns 1, spiny 1, big brain 1
a: no special abilities


You were on level 3 of the Dungeon.
You visited 1 branch of the dungeon, and saw 3 of its levels.

You collected 74 gold pieces.

Inventory:

Hand Weapons
 b - a +0 short sword (weapon)
Missiles
 l - 4 silver javelins
Armour
 a - a +0 robe (worn)
 h - a +0 plate armour of poison resistance
 p - a +0 pair of boots (worn)
 r - a +0 cloak (worn)
Jewellery
 e - a ring of protection from cold (left hand)
 n - a +6 ring of intelligence (right hand)
Scrolls
 d - a scroll of identify {unknown}
 f - 2 scrolls of fog {unknown}
 i - a scroll of summoning {unknown}
 m - a scroll of noise {unknown}
 o - a scroll of magic mapping {unknown}
 s - a scroll of holy word {unknown}
Potions
 c - a potion of degeneration {unknown}
 g - a potion of brilliance {unknown}
 j - 3 potions of curing {unknown}
 k - a potion of ambrosia {unknown}
 q - a potion of flight {unknown}


   Skills:
 + Level 2.0 Dodging
 - Level 1.7 Stealth
 + Level 2.3 Spellcasting
 * Level 2.4 Conjurations
 + Level 3.5 Air Magic


You had 6 spell levels left.
You knew the following spells:

 Your Spells              Type           Power      Damage    Failure   Level
a - Shock                 Conj/Air       72%        1d7       3%          1

Your spell library contained the following spells:

 Spells                   Type           Power      Damage    Failure   Level
 Static Discharge         Conj/Air       18%        N/A       4%          2
 Swiftness                Air            21%        N/A       7%          3
 Airstrike                Air            10%        N/A       24%         4


Dungeon Overview and Level Annotations

Branches:
Dungeon (3/15)

Altars:

Shops:
D:1 [

Annotations:
D:2 water cache
D:3 Grinder


Innate Abilities, Weirdness & Mutations

You have a pair of small horns on your head.
You are partially covered in sharp spines.
You have an unusually large brain. (Int +2)


Message History

Press: ? - help, Shift-Dir - straight line The zap misses Grinder. x2
Grinder gestures at you. Pain shoots through your body!
Unknown command.
Casting: Shock (safe; 3% risk of failure)
Confirm with . or Enter, or press ? or * to list all spells.
Aiming: Shock (safe; 3% risk of failure)
Press: ? - help, Shift-Dir - straight line The zap hits Grinder.
Grinder is moderately wounded.
The zap misses Grinder.
Grinder gestures at you.
You suddenly lose the ability to move!
Grinder gestures at you. Pain shoots through your body!
You can move again.
Unknown command.
Casting: Shock (safe; 3% risk of failure)
Confirm with . or Enter, or press ? or * to list all spells.
Aiming: Shock (safe; 3% risk of failure)
Press: ? - help, Shift-Dir - straight line The zap hits Grinder!
Grinder is heavily wounded.
The zap hits Grinder.
Grinder is heavily wounded.
Grinder is struck by your spines. Grinder hits you.
* * * LOW HITPOINT WARNING * * *
You writhe in agony.
* * * LOW HITPOINT WARNING * * *
Casting: Shock (safe; 3% risk of failure)
Confirm with . or Enter, or press ? or * to list all spells.
Aiming: Shock (safe; 3% risk of failure)
Press: ? - help, Shift-Dir - straight line The zap hits Grinder but does no damage.
Grinder is severely wounded.
The zap hits Grinder.
Grinder is severely wounded.
Grinder is struck by your spines. Grinder hits you.
You die...

#.........# #.#
#.........#### #.#
#............# #.#
#####+#.#....######.######
#...'....#............
#######.#....#.####.######
#....##.+....#......#.....
#....####....#####.##.####
#.#....####@...# #.##.#...
#.........'5...########.#.##
..........##..>..............
####.............#######.#.#.
###....#5#######.# #.#.#.#.
#................# #.#.#.#.
###.....5#######.# #.#.#.#.
#......'....##.####.#.#.#.
#......####.##......#.#.#.


You could see Grinder.

Vanquished Creatures
  2 adders
  A shadow imp (D:3)
  A dart slug (D:1)
  5 ball pythons
  2 endoplasms (D:1)
  2 giant cockroaches
  3 goblins (D:2)
  6 hobgoblins
  2 jackals (D:1)
  2 quokkas
  4 bats
  3 frilled lizards
  4 kobolds (D:1)
  4 rats
41 creatures vanquished.

Vanquished Creatures (others)
  A fungus (D:1)
  3 plants (D:1)
4 creatures vanquished.

Grand Total: 45 creatures vanquished

Notes
Turn   | Place    | Note
-------+----------+-------------------------------------------
     0 | D:1      | rogsnak the Demonspawn Air Elementalist began the quest for
                  | the Orb.
     0 | D:1      | Reached XP level 1. HP: 13/13 MP: 3/3
    68 | D:1      | Found Xisio's Armour Shoppe.
   481 | D:1      | Reached skill level 3 in Air Magic
   481 | D:1      | Gained mutation: You are partially covered in sharp spines.
                  | [demonic ancestry]
   481 | D:1      | Reached XP level 2. HP: 19/19 MP: 0/5
   550 | D:1      | Found a faded altar of an unknown god.
  1256 | D:1      | Gained mutation: You have an unusually large brain. (Int
                  | +2) [demonic ancestry]
  1256 | D:1      | Reached XP level 3. HP: 24/24 MP: 3/6
  2281 | D:3      | Gained mutation: You have a pair of small horns on your
                  | head. [demonic ancestry]
  2281 | D:3      | Reached XP level 4. HP: 30/30 MP: 2/7
  2477 | D:3      | Noticed Grinder
  2480 | D:3      | Paralysed by Grinder for 6 turns
  2494 | D:3      | Paralysed by Grinder for 4 turns
  2499 | D:3      | Slain by Grinder

Illustrated notes

Levels and vault maps discovered:
D:1:      giann_bridges, layout_basic, shapermc_ecumenical_altar_mp_ritualfount,
          serial_shops, shop
D:2:      layout_rooms, kennysheep_nondescript, corexii_item_surrounded_by_moat,
          palyth_stone_intersect, ebering_dispersal_statue_hall,
          kennysheep_generic_room_15
D:3:      layout_basic, minitemple, amcnicky_altar_gilded,
          kennysheep_generic_room_12, uniq_grinder

Skill      XL: |  1  2  3 |
---------------+----------+-----
Air Magic      | 3 |  3.5
Dodging        | 2 |  2.0
Conjurations   | 2 |  2.4
Stealth        | |  1.7
Spellcasting   | |  2.3

Action                   |  1- 3 |  4- 6 || total
-------------------------+-------+-------++-------
Melee: Short sword       |    14 |       ||    14
 Cast: Shock             |    68 |     5 ||    73
Armor: Robe              |     6 |       ||     6
Dodge: Dodged            |     9 |       ||     9

Table legend: (Time is in decaauts)
 A = Elapsed time spent in this place.
 B = Non-inter-level travel time spent in this place.
 C = Inter-level travel time spent in this place.
 D = Time resting spent in this place.
 E = Time spent auto-exploring this place.
 F = Levels seen in this place.
 G = Mean time per level.
                   A        B        C        D        E       F      G
               +--------+--------+--------+--------+--------+-----+--------+
         Total |   2498 |   2455 |     43 |    395 |   1768 |   3 |  832.7 |
       Dungeon |   2498 |   2455 |     43 |    395 |   1768 |   3 |  832.7 |
               +--------+--------+--------+--------+--------+-----+--------+

Top non-repeatable levels by time:
     D:1: 1363 daAuts
     D:2: 738 daAuts
     D:3: 396 daAuts
